 Dungeon Crawl Stone Soup version 0.20-a0-809-gaf7f668 (webtiles) character file.

933226 GameOver the Ruinous (level 27, -6/260 HPs)
             Began as a Naga Wizard on Feb 28, 2017.
             Was the Champion of Cheibriados.
             Mangled by a hell beast (16 damage)
             ... on level 21 of a ziggurat on Mar 3, 2017.
             The game lasted 11:18:46 (65148 turns).

GameOver the Ruinous (Naga Wizard)                 Turns: 65148, Time: 11:18:47

Health: -6/260     AC: 48    Str: 28    XL:     27
Magic:  1/41       EV: 18    Int: 50    God:    Cheibriados [******]
Gold:   5751       SH: 40    Dex: 27    Spells: 14/63 levels left

rFire    + + +     SeeInvis +   w - +9 broad axe (freeze)
rCold    + . .     Gourm    .   p - +8 fire dragon scales {Xtahua}
rNeg     + + .     Faith    .   t - +10 large shield of Ignorance {rN+ Int-4}
rPois    +         Spirit   .   L - +2 helmet
rElec    +         Reflect  +   P - +0 cloak "Desish" {Int+7}
rCorr    .         Harm     .   S - +2 pair of gloves {archery}
MR       +++..                  e - +4 naga barding {rC+}
Stlth    +++++.....             y - brooch of Shielding {Reflect SH+8}
Regen    1.6/turn               W - ring of wizardry
MPRegen  0.3/turn               R - ring of Otoez {+Fly rElec rF+ rN+ Int+4}

@: very slightly contaminated, regenerating, studying 2 skills, deflect
missiles, very slow
A: see invisible, cold resistance 1, deformed body, low mp 1, poison resistance,
slowness 2, slow metabolism 1, spit poison 1, strong 1, constrict 1, AC +9
}: 5/15 runes: decaying, serpentine, slimy, silver, abyssal
a: Spit Poison, Bend Time, Temporal Distortion, Slouch, Step From Time, Renounce
Religion, Evoke Flight


You were on level 21 of a ziggurat.
You worshipped Cheibriados.
Cheibriados was exalted by your worship.
You were very full.

You visited 13 branches of the dungeon, and saw 59 of its levels.
You visited the Abyss 2 times.
You visited 1 ziggurat, and saw 21 of its levels.
You also visited: Trove, Ossuary, Bailey and Volcano.

You collected 9900 gold pieces.
You spent 4149 gold pieces at shops.

Inventory:

Hand Weapons
 w - a +9 broad axe of freezing (weapon)
Missiles
 c - 9 javelins (quivered)
Armour
 e - a +4 naga barding of cold resistance (worn)
 p - +8 fire dragon scales (worn) {Xtahua}
 t - the +10 large shield of Ignorance (worn) {rN+ Int-4}
   (You found it on level 3 of the Elven Halls)

   It affects your intelligence (-4).
   It protects you from negative energy.
 L - a +2 helmet (worn)
 P - the +0 cloak "Desish" (worn) {Int+7}
   (You found it on level 3 of the Crypt)

   It affects your intelligence (+7).
 S - a +2 pair of gloves of archery (worn)
Magical Staves
 a - an uncursed staff of conjuration
Jewellery
 n - the amulet "Pacofeim" {rC+ MR+ Regen+}
   (You bought it in a shop on level 5 of the Depths)

   [amulet of regeneration]

   It protects you from cold.
   It affects your resistance to hostile enchantments.
   It increases your rate of regeneration.
 y - the brooch of Shielding (around neck) {Reflect SH+8}
   (You found it on level 16 of a ziggurat)

   [amulet of reflection]

   It shields you and reflects attacks.
   It affects your SH (+8).
 M - the amulet of Vitality {Regen+ HP+15}
   (You found it on level 13 of a ziggurat)

   [amulet of regeneration]

   It affects your health (+15).
   It increases your rate of regeneration.
 R - the ring of Otoez (left hand) {+Fly rElec rF+ rN+ Int+4}
   (You found it on level 3 of the Crypt)

   [ring of positive energy]

   It affects your intelligence (+4).
   It protects you from fire.
   It insulates you from electricity.
   It protects you from negative energy.
   It lets you fly.
 W - a ring of wizardry (right hand)
 Y - the amulet of the Four Winds {rN+ MR+++ Clar}
   (You found it on level 20 of a ziggurat)

   [amulet of nothing]

   It protects you from negative energy.
   It affects your resistance to hostile enchantments.
   It protects you against confusion.
Wands
 b - a wand of acid (6/15)
 i - a wand of iceblast (8/15)
 B - a wand of digging (6/24)
 V - a wand of clouds (2/9)
Scrolls
 h - 9 scrolls of enchant weapon
 j - 29 scrolls of teleportation
 o - 45 scrolls of remove curse
 r - 39 scrolls of identify
 u - 7 scrolls of immolation
 x - 5 scrolls of recharging
 z - 5 scrolls of holy word
 D - a scroll of fear
 F - 2 scrolls of torment
 H - 4 scrolls of enchant armour
 N - 8 scrolls of blinking
 U - 5 scrolls of amnesia
Potions
 d - 9 potions of experience
 f - 9 potions of mutation
 k - 2 potions of might
 m - 3 potions of cancellation
 q - 14 potions of brilliance
 A - 11 potions of heal wounds
 C - 16 potions of curing
 G - 4 potions of resistance
 I - 3 potions of ambrosia
 O - 4 potions of magic
Books
 s - a book of the Warp

   Spells                             Type                      Level
   a - Gell's Gravitas                Translocation                3
   b - Portal Projectile              Hexes/Translocation          3
   c - Force Lance                    Conjuration/Translocation    4
   d - Dispersal                      Translocation                6
   e - Controlled Blink               Translocation                8
   f - Disjunction                    Translocation                8
 J - a manual of Crossbows
 Z - a manual of Spellcasting
Miscellaneous
 v - a fan of gales
 K - a lightning rod (4/4)
 T - 4 phantom mirrors
Comestibles
 g - a meat ration
 E - 4 royal jellies
 X - 21 bread rations


   Skills:
 - Level 18.0 Fighting
 - Level 18.0(18.9) Axes
   Level 8.0(14.1) Maces & Flails
   Level 8.0(14.1) Polearms
 + Level 9.1 Crossbows
 - Level 10.1 Throwing
 - Level 18.0 Armour
 - Level 13.0 Dodging
 - Level 14.0 Stealth
 - Level 15.0 Shields
 + Level 18.7 Spellcasting
 - Level 24.0 Conjurations
 - Level 8.4 Charms
 - Level 8.0 Summonings
 + Level 10.3 Necromancy
 - Level 3.8 Translocations
 - Level 21.0 Fire Magic
 - Level 9.9 Air Magic
   Level 8.5 Poison Magic
 - Level 10.0 Invocations
 + Level 16.3 Evocations


You had 14 spell levels left.
You knew the following spells:

 Your Spells              Type           Power        Failure   Level  Hunger
a - Bolt of Fire          Conj/Fire      ########..   0%          6    None
b - Blink                 Tloc           N/A          1%          2    None
c - Apportation           Tloc           ######       1%          1    None
d - Orb of Destruction    Conj           ########..   1%          7    None
q - Aura of Abjuration    Summ           #######...   1%          5    None
s - Fire Storm            Conj/Fire      ########..   4%          9    ###....
v - Lesser Beckoning      Tloc           ######....   1%          3    None
w - Spellforged Servitor  Conj/Summ      ########..   1%          7    None
x - Deflect Missiles      Chrm/Air       #######...   1%          6    None
z - Regeneration          Chrm/Necr      #######...   1%          3    None


Dungeon Overview and Level Annotations

Branches:
Dungeon (15/15)            Temple (1/1) D:6            Lair (6/6) D:9
  Swamp (4/4) Lair:2        Snake (4/4) Lair:2        Slime (5/5) Lair:6
    Orc (2/2) D:10            Elf (3/3) Orc:2        Vaults (5/5) D:13
  Crypt (3/3) Vaults:2       Tomb (0/3) Crypt:3      Depths (5/5) D:15
   Hell (1/1)                 Dis (0/7) Hell            Geh (0/7) Hell
    Coc (0/7) Hell            Tar (0/7) Hell            Zot (5/5) Depths:5

Altars:
Ashenzari
Cheibriados
Dithmenos
Elyvilon
Gozag
Hepliaklqana
Kikubaaqudgha
Makhleb
Nemelex Xobeh
Okawaru
Qazlal
Ru
Sif Muna
Trog
Uskayaw
Vehumet
Wu Jian
Xom
Yredelemnul
Zin
The Shining One

Shops:
D:6 [   D:15 [   Orc:2 ?*([}   Elf:1 %   Elf:2 *   Elf:3 =   Vaults:1 }
Vaults:3 (:   Vaults:4 *   Depths:4 =*   Depths:5 =

Portals:
Hell: Depths:1 Depths:2 Depths:3 Depths:4 Depths:5
Abyss: Depths:2 Depths:4
Pandemonium: Depths:3

Annotations:
Depths:2 8 runed doors
Abyss:1 Nergalle


Innate Abilities, Weirdness & Mutations

You cannot wear boots.
Your serpentine skin is tough. (AC +9)
You have supernaturally acute eyesight. (SInv)
Armour fits poorly on your strangely shaped body.
Your system is resistant to poisons. (rPois)
You cover ground very slowly.
You have a slow metabolism.
You can spit poison.
You can use your snake-like lower body to constrict enemies.
Your flesh is cold resistant. (rC+)
Your magical capacity is low. (-10% MP)
Your muscles are strong. (Str +2)


Message History

You block the Executioner's attack. The hell beast misses you.
The hell beast closely misses you.
The infernal blood saint closely misses you.
The torturous corrupter rages.
You block the Executioner's attack. The Executioner misses you.
The Executioner hits you but does no damage.
The monstrous blood saint calls on the powers of chaos!
The torturous corrupter suddenly seems more resistant.
The infernal blood saint suddenly seems more agile.
The hell beast seems to speed up.
The blizzard demon suddenly seems more resistant.
The balrug hits you with a demon whip!
* * * LOW HITPOINT WARNING * * *
You are engulfed in flames.
You resist.
* * * LOW HITPOINT WARNING * * *
The Executioner hits you but does no damage.
The Executioner closely misses you. You block the Executioner's attack.
The hell beast bites you but does no damage.
The hell beast tramples you!
You die...

▓.# ▓▓.......
▓▓........
▓▓......6..
▓▓........)§
▓▓....(......
▓▓...22)4.....
▓.∩.211.1.....
▓▓...@616....§
▓▓..82§......
▓▓.§§.......
▓▓§§§......
▓▓........
▓▓.......
▓.#.... ▓.....


You could see a Tzitzimitl (inner flame), an Ice Fiend, a hell beast (inner
flame), a balrug (inner flame), a torturous corrupter (berserk), 2 Executioners,
a blizzard demon (inner flame), 2 demonspawn, a hellwing, a hellion (inner
flame) and a friendly spellforged servitor (burning).

Vanquished Creatures
  the Royal Jelly (Slime:5)
  10 ancient liches
  2 orbs of fire (Zot:5)
  2 pandemonium lords
  A juggernaut (Depths:5)
  The ghost of nubinia the Slayer, a legendary GrFE of Ashenzari (Depths:5)
  4 greater mummies
  Margery (Depths:5)
  The ghost of Soeti the Impregnable, a legendary GrFi of Makhleb (Zig:10)
  A shard shrike (Zig:14)
  Frederick (Vaults:2)
  2 curse toes
  Xtahua (Depths:3)
  Geryon (Hell)
  7 Killer Klowns (Zot:5)
  Nikola (Snake:2)
  16 golden dragons
  the Enchantress (Depths:3)
  2 Tzitzimimeh (Zig:9)
  A doom hound (Zig:13)
  An iron giant (Zig:10)
  3 electric golems
  12 liches
  4 bone dragons
  A Brimstone Fiend (Zig:21)
  Rupert (Lair:3)
  A shard shrike zombie (Crypt:1)
  17 tentacled monstrosities
  2 Hell Sentinels
  Frances (Snake:1)
  25 Orb Guardians (Zot:5)
  4 titans (Vaults:5)
  30 acid blobs
  2 deep elf master archers (Elf:3)
  7 quicksilver dragons
  A kraken (Abyss:4)
  5 thorn hunters
  12 death cobs
  6 sphinxes
  11 tentacled starspawn
  10 shadow dragons
  2 Executioners
  3 ancient champions
  Kirke (D:14)
  7 tengu reavers
  Gastronok (Abyss:1)
  19 azure jellies
  18 storm dragons
  3 revenants
  Donald (Elf:1)
  17 nagarajas
  A fire giant (shapeshifter) (Vaults:4)
  15 draconian monks
  2 orc warlords
  6 iron dragons
  A daeva (Abyss:2)
  11 draconian knights
  Aizul (Elf:2)
  12 frost giants
  An emperor scorpion (Zig:18)
  20 vault wardens
  14 fire giants
  6 cacodemons
  9 draconian scorchers
  4 ghost moths
  10 draconian shifters
  11 deep elf sorcerers
  7 spriggan defenders (Depths:3)
  13 draconian annihilators
  3 balrugs
  A juggernaut zombie (Zig:10)
  A caustic shrike zombie (Depths:4)
  4 deep elf elementalists (Elf:3)
  Louise (Elf:2)
  4 curse skulls
  7 caustic shrike skeletons
  A juggernaut skeleton (Zig:20)
  4 war gargoyles
  7 draconian stormcallers
  3 ghouls
  16 ironheart preservers
  18 reapers
  36 very ugly things
  A corrupter (Zig:21)
  3 entropy weavers
  7 deep elf demonologists
  22 vampire knights
  4 blood saints
  30 black draconians
  24 stone giants
  20 green draconians
  Azrael (Elf:1)
  17 red draconians
  A spark wasp (Depths:1)
  A dire elephant (Depths:3)
  A lorocyproca (Abyss:2)
  14 yellow draconians
  12 purple draconians
  10 deep elf annihilators
  6 mummy priests
  14 white draconians
  3 eidola
  19 ettins
  10 jiangshi (Crypt:3)
  Josephine (D:10)
  5 deep elf death magi
  A crystal guardian (Vaults:2)
  5 blizzard demons
  5 green deaths
  11 death oozes
  14 yaktaur captains
  12 fire dragons
  9 rakshasas
  28 ogre magi
  4 deep elf high priests
  A quicksilver dragon zombie (Zig:13)
  15 great orbs of eyes
  33 vault guards
  26 naga warriors
  28 hydras
  16 ice dragons
  A hell beast (Zig:9)
  A catoblepas (D:13)
  7 spriggan air magi
  9 death knights
  11 anacondas
  11 alligators
  2 merfolk aquamancers (Zig:18)
  9 ghost crabs
  Erica (Lair:2)
  16 centaur warriors
  73 two-headed ogres
  18 hell hogs
  9 tengu warriors
  29 dancing weapons
  A death yak (Depths:3)
  5 death scarabs
  6 deep troll shamans
  11 spriggan berserkers
  21 naga sharpshooters
  4 orc high priests
  12 vampire magi
  23 hell knights
  13 deep troll earth magi
  Urug (Lair:2)
  8 shock serpents
  27 deep elf knights
  2 iron golems (Hell)
  5 sun demons (Hell)
  2 titan skeletons (Zig:16)
  25 large abominations
  15 thrashing horrors
  4 storm dragon zombies
  5 soul eaters
  2 salamander mystics
  8 wretched stars
  11 shadow wraiths
  57 skeletal warriors
  3 spatial maelstroms (Zig:20)
  A fire crab (shapeshifter) (D:15)
  2 sixfirhies
  A spark wasp zombie (Crypt:2)
  A ghost moth zombie (Hell)
  38 deep trolls
  11 flayed ghosts
  4 anaconda zombies
  4 death drakes
  3 golden dragon zombies
  7 unseen horrors
  2 shambling mangroves
  6 glowing orange brains
  15 swamp dragons
  10 spriggan druids
  18 naga ritualists
  17 ironbrand convokers
  17 deep elf archers
  2 golden dragon skeletons
  2 shadow dragon zombies
  35 phantasmal warriors
  12 harpies
  9 wizards
  A harpy (shapeshifter) (Zig:20)
  Pikel (D:9)
  3 tengu zombies
  2 sphinx zombies
  14 mana vipers
  2 lindwurms (Lair:6)
  8 necromancers
  8 wolf spiders
  2 frost giant zombies (Depths:4)
  79 deep elf magi
  2 wolf spider zombies (Crypt:3)
  18 orc knights
  4 orc sorcerers
  85 ugly things
  An orb spider (Zig:8)
  9 shining eyes
  27 moths of wrath
  4 fire giant zombies
  2 worldbinders
  13 cyclopes
  8 manticores
  2 cyclopes (shapeshifter)
  12 salamanders
  A sphinx skeleton (Depths:1)
  9 rust devils
  2 shock serpent zombies (Crypt:3)
  An eye of devastation (shapeshifter) (Depths:5)
  A fire giant skeleton (Vaults:5)
  2 water nymphs (shapeshifter)
  3 eyes of devastation
  A toenail golem (Abyss:5)
  15 guardian serpents
  6 elephants
  20 vault sentinels
  48 black mambas
  An apocalypse crab (Zig:4)
  4 gargoyles
  3 ice statues
  2 torpor snails (Lair:6)
  33 naga magi
  19 spiny frogs
  7 smoke demons
  3 spriggan zombies
  A black mamba (shapeshifter) (Vaults:1)
  A catoblepas zombie (Crypt:3)
  An elf skeleton (Zig:14)
  55 yaktaurs
  6 rime drakes
  A green draconian zombie (Crypt:1)
  3 efreet
  A redback zombie (Crypt:2)
  A komodo dragon (shapeshifter) (D:15)
  2 demonic crawlers
  18 freezing wraiths
  3 kobold demonologists
  4 hellwings
  6 ice devils
  10 guardian mummies
  8 komodo dragons
  A yaktaur skeleton (Vaults:5)
  4 tengu conjurers
  3 tormentors
  4 ancient zymes
  A queen bee (Lair:3)
  A purple draconian skeleton (Crypt:3)
  A queen bee (shapeshifter) (Elf:1)
  3 red devils
  A jumping spider (Zig:8)
  A silent spectre (Zig:13)
  10 polar bears
  2 trolls (shapeshifter)
  20 trolls
  A hydra zombie (Crypt:3)
  11 tyrant leeches
  21 blink frogs
  3 blink frogs (shapeshifter)
  14 bog bodies
  A tarantella zombie (Crypt:2)
  18 raiju
  168 slime creatures
  31 hornets
  17 hippogriffs
  A fire dragon zombie (Zig:3)
  A snapping turtle (shapeshifter) (Vaults:3)
  A guardian serpent zombie (Crypt:3)
  10 flying skulls
  2 vampires (D:13)
  An elf simulacrum (Zig:16)
  2 redbacks (Zig:8)
  2 ice dragon zombies
  3 air elementals
  11 shadows
  46 starcursed masses
  Sigmund (D:4)
  48 spriggans
  6 ynoxinuls
  An alligator skeleton (Hell)
  A tarantella (Zig:8)
  24 wraiths
  6 wyverns
  8 fire elementals
  11 water elementals
  46 yaks
  2 ushabtiu (Zig:5)
  5 steam dragons
  16 golden eyes
  4 basilisks
  12 fire bats
  2 neqoxecs
  A basilisk (shapeshifter) (Vaults:3)
  11 chaos spawn
  Menkaure (D:4)
  15 wargs
  4 hungry ghosts
  59 nagas
  16 swamp worms
  19 vampire mosquitoes
  3 insubstantial wisps (Swamp:4)
  Edmund (D:5)
  8 soldier ants
  A spiny frog zombie (Crypt:3)
  2 acid dragons
  15 hell hounds
  16 water moccasins
  4 porcupines
  2 hydra simulacra (Hell)
  A floating eye (shapeshifter) (D:13)
  25 swamp drakes
  13 black bears
  A monstrous demonspawn skeleton (Crypt:2)
  A spiny frog skeleton (Crypt:3)
  2 floating eyes
  3 ice beasts
  A black bear (shapeshifter) (Zig:20)
  60 orc warriors
  A phantom (D:10)
  An alligator simulacrum (Hell)
  2 swamp dragon zombies
  A snapping turtle zombie (Abyss:1)
  An ettin simulacrum (Depths:1)
  2 eyes of draining (shapeshifter)
  10 necrophages
  12 eyes of draining
  12 boggarts
  44 wolves
  62 ogres
  23 centaurs
  A dream sheep skeleton (Crypt:2)
  A tengu (shapeshifter) (Vaults:5)
  14 crocodiles
  2 big kobolds
  7 elf zombies
  19 bullfrogs
  An earth elemental (Elf:3)
  A wyvern zombie (D:6)
  A wyvern skeleton (D:11)
  5 scorpions
  Dowan (D:5)
  A water moccasin zombie (D:11)
  A water moccasin skeleton (Crypt:2)
  A scorpion (shapeshifter) (Depths:3)
  7 small abominations
  A troll zombie (D:10)
  31 killer bees
  A troll skeleton (Crypt:3)
  14 howler monkeys
  14 wights
  A wolf zombie (Crypt:2)
  A lava snake (Elf:2)
  A raiju skeleton (Crypt:1)
  2 spriggan skeletons
  11 crimson imps
  3 bullfrog zombies
  A wolf skeleton (Crypt:3)
  5 centaur zombies
  4 quasits
  3 human zombies
  17 orc priests
  Crazy Yiuf (D:3)
  4 bullfrog skeletons
  A hound (shapeshifter) (Vaults:5)
  8 hounds
  4 iron imps
  7 jellies
  3 centaur skeletons
  36 orc wizards
  Jessica (D:3)
  A porcupine zombie (Crypt:3)
  Natasha (thrice) (D:3)
  5 iguanas
  17 worker ants
  5 hell rats (Hell)
  A lightning spire (Zig:15)
  A deep dwarf zombie (Crypt:1)
  2 naga zombies
  5 ogre zombies (D:10)
  A hound skeleton (D:4)
  A hound zombie (D:5)
  20 mummies
  10 gnolls (Bailey)
  2 howler monkey skeletons
  16 adders
  A steam dragon skeleton (Crypt:3)
  8 shadow imps
  5 white imps
  An adder skeleton (D:5)
  3 adder zombies
  3 worms
  A dart slug (D:4)
  3 leopard geckos
  117 orcs
  4 ball pythons
  A bat zombie (Crypt:2)
  9 giant cockroaches
  27 goblins
  29 hobgoblins
  12 jackals
  24 kobolds
  3 quokkas
  7 bats
  5 frilled lizards
  A gnoll zombie (Crypt:1)
  3 goblin skeletons
  5 goblin zombies
  2 hobgoblin skeletons (D:10)
  12 hobgoblin zombies
  12 kobold zombies
  An orc skeleton (D:10)
  13 orc zombies
  A quokka skeleton (D:4)
  8 rats
  A river rat skeleton (Crypt:1)
  2 bushes (Zig:20)
  7 fire vortices
  3 fungi
  3 plants
  8 starspawn tentacles
  4 tentacles (Abyss:4)
4006 creatures vanquished.

Vanquished Creatures (collateral kills)
  A Tzitzimitl (Zig:21)
  A deep elf blademaster (Elf:3)
  2 nagarajas (Zig:15)
  A draconian knight (Zig:18)
  A ghost moth (Zig:8)
  A draconian scorcher (Zig:18)
  A cacodemon (Zig:21)
  A reaper (Zig:20)
  A white draconian (Zig:20)
  A red draconian (Zig:19)
  A green death (Zig:21)
  A rakshasa (Zig:20)
  An anaconda (Zig:15)
  A titan skeleton (Zig:13)
  A sixfirhy (Zig:21)
  A golden dragon zombie (Zig:16)
  A swamp dragon (Zig:12)
  A shambling mangrove (Zig:17)
  A smoke demon (Zig:20)
  A black mamba (Zig:15)
  An elf skeleton (Zig:13)
  A tormentor (Zig:21)
  A demonic crawler (Zig:8)
  A guardian mummy (Zig:16)
  A jumping spider (Zig:8)
  2 neqoxecs (Zig:20)
  A golden eye (Slime:2)
  A vampire mosquito (Zig:17)
  3 soldier ants
  Duvessa (D:5)
  An orc warrior (Bailey)
  A necrophage (D:11)
  A small abomination (Zig:20)
  A bullfrog (D:8)
  A scorpion (D:7)
  4 starcursed masses (Zig:20)
  2 orc priests (D:11)
  3 orc wizards
  3 worker ants (Lair:2)
  2 ogre zombies (D:10)
  A big kobold zombie (Ossuary)
  A hound zombie (D:8)
  2 mummies (Zig:16)
  5 orcs
  A goblin (Bailey)
  A hobgoblin (Bailey)
  A quokka (D:10)
  2 hobgoblin skeletons (D:10)
  A hobgoblin zombie (D:10)
  A jackal zombie (Ossuary)
  2 kobold zombies (Ossuary)
  An orc skeleton (D:10)
  4 orc zombies (D:10)
76 creatures vanquished.

Vanquished Creatures (others)
  A lich (Crypt:3)
  2 draconian knights
  A vault warden (Vaults:5)
  A draconian scorcher (Zig:19)
  A draconian annihilator (Zot:5)
  10 stone giants
  A yellow draconian (Zig:19)
  A deep elf annihilator (Elf:1)
  A dire elephant (Lair:6)
  A deep elf high priest (Elf:1)
  12 yaktaur captains
  3 centaur warriors
  2 dancing weapons (Elf:2)
  A hell hog (Hell)
  A queen ant (Lair:2)
  A two-headed ogre (D:10)
  An ogre mage (Abyss:3)
  2 thrashing horrors (Abyss:5)
  A deep elf knight (Elf:1)
  A deep troll (Vaults:4)
  A death drake (Zig:17)
  2 swamp dragons
  A deep elf archer (Elf:1)
  A necromancer (Vaults:5)
  4 deep elf magi
  2 cyclopes
  An orc sorcerer (Orc:2)
  A moth of wrath (Zot:5)
  2 naga magi (Snake:4)
  2 torpor snails (Lair:6)
  A gargoyle (Volcano)
  A kobold demonologist (D:11)
  A rime drake (Swamp:4)
  16 yaktaurs
  4 hornets
  A slime creature (Vaults:3)
  A blink frog (Lair:6)
  An air elemental (Elf:1)
  A redback (Vaults:4)
  4 yaks
  A fire elemental (Elf:2)
  4 humans
  A steam dragon (Zig:12)
  A chaos spawn (Zig:20)
  2 insubstantial wisps
  A warg (Orc:2)
  2 hell hounds
  A water moccasin (Lair:3)
  3 porcupines
  A sky beast (D:9)
  4 slaves (D:9)
  An eye of draining (D:14)
  An ogre (D:7)
  6 wolves
  A centaur (Vaults:3)
  A crocodile (Lair:6)
  A big kobold (D:11)
  A bullfrog (Lair:1)
  A jelly (D:11)
  A howler monkey (D:8)
  2 bullfrog zombies
  A quasit (Abyss:4)
  A hound (D:14)
  2 orc wizards
  A gnoll (Bailey)
  An adder (Lair:2)
  A shadow imp (D:15)
  3 orcs
  A jackal (D:8)
  A bat (D:1)
  An orc zombie (D:10)
  A quokka skeleton (D:9)
  6 bushes
  215 fire vortices
  15 fungi
  A lurking horror (Abyss:4)
  33 plants
  A spectral weapon (Slime:4)
  24 starspawn tentacles
439 creatures vanquished.

Grand Total: 4521 creatures vanquished

Notes
Turn   | Place    | Note
-------+----------+-------------------------------------------
     0 | D:1      | GameOver the Naga Wizard began the quest for the Orb.
     0 | D:1      | Reached XP level 1. HP: 15/15 MP: 4/4
    48 | D:1      | Reached XP level 2. HP: 22/22 MP: 1/6
   264 | D:1      | Reached skill level 2 in Conjurations
   840 | D:2      | Reached XP level 3. HP: 28/28 MP: 7/7
  1020 | D:2      | Learned a level 2 spell: Blink
  1023 | D:2      | Learned a level 2 spell: Call Imp
  1029 | D:2      | Learned a level 3 spell: Mephitic Cloud
  1244 | D:3      | Noticed Jessica
  1250 | D:3      | Killed Jessica
  1250 | D:3      | Reached skill level 3 in Conjurations
  1250 | D:3      | Reached XP level 4. HP: 30/36 MP: 8/8
  1325 | D:3      | Reached skill level 5 in Stealth
  1390 | D:3      | Reached XP level 5. HP: 22/42 MP: 4/9
  1635 | D:3      | Noticed Natasha
  2034 | D:3      | Killed Natasha
  2100 | D:3      | Noticed Natasha
  2106 | D:3      | Killed Natasha
  2106 | D:3      | Reached skill level 4 in Conjurations
  2106 | D:3      | Reached skill level 1 in Poison Magic
  2135 | D:3      | Found a runed door.
  2140 | D:3      | Noticed Crazy Yiuf
  2145 | D:3      | Killed Crazy Yiuf
  2145 | D:3      | Reached skill level 1 in Air Magic
  2145 | D:3      | Reached XP level 6. HP: 49/49 MP: 10/10
  2223 | D:3      | Noticed Natasha
  2235 | D:3      | Killed Natasha
  2357 | D:4      | Noticed Menkaure
  2373 | D:4      | Killed Menkaure
  2373 | D:4      | Reached XP level 7. HP: 32/55 MP: 9/11
  2532 | D:4      | Noticed Sigmund
  2548 | D:4      | Killed Sigmund
  2661 | D:4      | Reached skill level 5 in Conjurations
  2887 | D:5      | Entered Level 5 of the Dungeon
  2948 | D:5      | Reached XP level 8. HP: 55/62 MP: 12/12
  2956 | D:5      | Found a sand-covered staircase.
  2967 | D:5      | Noticed Dowan
  2973 | Ossuary  | Entered an ossuary
  3249 | Ossuary  | Reached skill level 5 in Poison Magic
  3320 | D:5      | Noticed Duvessa
  3328 | D:5      | Killed Dowan
  3353 | D:5      | Killed Duvessa
  3710 | D:5      | Found a bloodstained altar of Trog.
  3743 | D:5      | Noticed Edmund
  3756 | D:5      | Killed Edmund
  4096 | D:6      | Reached skill level 6 in Conjurations
  4112 | D:6      | Reached XP level 9. HP: 52/68 MP: 13/13
  4144 | D:6      | Found a deep blue altar of Sif Muna.
  4273 | D:6      | Found Ofikluots's Armour Emporium.
  4344 | D:6      | Reached skill level 5 in Air Magic
  4382 | D:6      | Found a sparkling altar of Nemelex Xobeh.
  4382 | D:6      | Found an iron altar of Okawaru.
  4382 | D:6      | Found a basalt altar of Yredelemnul.
  4535 | D:6      | Found a staircase to the Ecumenical Temple.
  4544 | Temple   | Entered the Ecumenical Temple
  4657 | Temple   | Became a worshipper of Cheibriados the Contemplative
  4818 | D:7      | Reached skill level 1 in Fighting
  4882 | D:7      | Found a sparkling altar of Nemelex Xobeh.
  4918 | D:7      | Found a flagged portal.
  4932 | Bailey   | Entered a bailey
  4960 | Bailey   | Reached * piety under Cheibriados
  5044 | Bailey   | Reached skill level 1 in Maces & Flails
  5044 | Bailey   | Reached skill level 5 in Summonings
  5081 | Bailey   | Noticed an orc knight
  5093 | Bailey   | Reached ** piety under Cheibriados
  5165 | Bailey   | Noticed an orc knight
  5230 | Bailey   | Reached *** piety under Cheibriados
  5311 | Bailey   | Gained mutation: Your magical capacity is low. (-10% MP) [potion of mutation]
  5311 | Bailey   | Gained mutation: You are agile. (Dex +2) [potion of mutation]
  5333 | Bailey   | Reached XP level 10. HP: 72/84 MP: 5/13
  5335 | Bailey   | Lost mutation: Your magical capacity is low. (-10% MP) [potion of mutation]
  5335 | Bailey   | Lost mutation: You are agile. (Dex +2) [potion of mutation]
  5335 | Bailey   | Gained mutation: Your body sometimes deteriorates upon taking damage. [potion of mutation]
  5335 | Bailey   | Gained mutation: You are partially covered in yellow scales. (AC +2) [potion of mutation]
  5337 | Bailey   | Killed an orc knight
  5428 | Bailey   | Killed an orc knight
  5431 | Bailey   | Lost mutation: You are partially covered in yellow scales. (AC +2) [potion of mutation]
  5431 | Bailey   | Gained mutation: Your mind is acute. (Int +2) [potion of mutation]
  5431 | Bailey   | Gained mutation: You are robust. (+10% HP) [potion of mutation]
  5431 | Bailey   | Gained mutation: Your flesh is heat resistant. (rF+) [potion of mutation]
  5482 | Bailey   | Noticed an orc warlord
  5591 | D:7      | Found a radiant altar of Vehumet.
  6133 | D:7      | Reached skill level 1 in Shields
  6450 | D:8      | Reached XP level 11. HP: 100/102 MP: 16/16
  6481 | D:8      | Reached **** piety under Cheibriados
  6528 | D:8      | Reached skill level 5 in Maces & Flails
  6578 | D:8      | Reached skill level 5 in Shields
  6944 | D:8      | Noticed a two-headed ogre
  6953 | D:8      | Killed a two-headed ogre
  7007 | D:8      | Upgraded the game from 0.20-a0-792-g09bcfd3 to 0.20-a0-795-ga03948b
  7180 | D:9      | Found a sacrificial altar of Ru.
  7288 | D:9      | Reached ***** piety under Cheibriados
  7354 | D:9      | Found a staircase to the Lair.
  7420 | D:9      | Reached skill level 5 in Fighting
  7490 | D:9      | Reached XP level 12. HP: 71/113 MP: 17/17
  7515 | D:9      | Identified a scroll of acquirement
  7592 | D:9      | Noticed Pikel
  7602 | D:9      | Killed Pikel
  7602 | D:9      | Reached skill level 1 in Armour
  7836 | D:10     | Entered Level 10 of the Dungeon
  7919 | D:10     | Found a staircase to the Orcish Mines.
  8166 | D:10     | Noticed a two-headed ogre
  8178 | D:10     | Killed a two-headed ogre
  8188 | D:10     | Noticed a two-headed ogre
  8235 | D:10     | Banished a two-headed ogre
  8251 | D:10     | Reached ****** piety under Cheibriados
  8552 | D:11     | Noticed Nergalle
  8552 | D:11     | Noticed Josephine
  8766 | D:10     | Killed Josephine
  8824 | D:11     | Noticed Gastronok
  8847 | D:11     | Banished Nergalle
  8888 | D:11     | Banished Gastronok
  9061 | D:11     | Noticed a death knight
  9127 | D:11     | Killed a death knight
  9827 | Lair:1   | Entered Level 1 of the Lair of Beasts
 10093 | Lair:1   | You fall through a shaft!
 10115 | Lair:2   | Found a staircase to the Snake Pit.
 10118 | Lair:2   | Reached skill level 1 in Evocations
 10118 | Lair:2   | Gained mutation: You can use your snake-like lower body to constrict enemies. [Naga growth]
 10118 | Lair:2   | Reached XP level 13. HP: 126/126 MP: 20/20
 10278 | Lair:2   | Noticed Urug
 10311 | Lair:2   | Killed Urug
 10486 | Lair:2   | You fall through a shaft for 2 floors!
 10522 | Lair:4   | Reached skill level 10 in Invocations
 10598 | Lair:4   | Reached skill level 5 in Armour
 10613 | Lair:4   | Learned a level 4 spell: Sticky Flame
 10619 | Lair:4   | Learned a level 5 spell: Fireball
 10703 | Lair:4   | Reached skill level 1 in Fire Magic
 10713 | Lair:4   | Got a crude rapier {venom}
 10764 | Lair:4   | Reached skill level 5 in Dodging
 11824 | Lair:3   | Found a dark tunnel.
 11840 | Volcano  | Entered a volcano
 12179 | Lair:3   | Noticed Rupert
 12261 | Lair:3   | Killed Rupert
 12261 | Lair:3   | Reached skill level 7 in Conjurations
 12261 | Lair:3   | Reached skill level 5 in Fire Magic
 12261 | Lair:3   | Reached skill level 5 in Evocations
 12484 | Lair:3   | Reached XP level 14. HP: 101/138 MP: 21/21
 13010 | Lair:2   | Noticed Erica
 13021 | Lair:2   | Killed Erica
 13180 | Lair:1   | Got an ichor-stained trident
 13737 | Lair:2   | Found a staircase to the Swamp.
 14189 | Lair:5   | Reached skill level 8 in Conjurations
 15076 | Lair:6   | Entered Level 6 of the Lair of Beasts
 15168 | Lair:6   | Reached skill level 5 in Spellcasting
 15356 | Lair:6   | Reached skill level 9 in Conjurations
 15466 | Lair:6   | Found a staircase to the Slime Pits.
 15703 | Lair:6   | Noticed a dire elephant
 15830 | Lair:6   | Reached XP level 15. HP: 82/147 MP: 14/24
 16162 | Lair:6   | Reached skill level 10 in Stealth
 16426 | Lair:6   | Found a runed door.
 16645 | Lair:6   | Paralysed by a hornet for 3 turns
 16740 | Lair:2   | Reached skill level 10 in Conjurations
 16896 | Orc:1    | Entered Level 1 of the Orcish Mines
 17012 | Orc:1    | Noticed an orc warlord
 17024 | Orc:1    | Killed an orc warlord
 17321 | Orc:2    | Entered Level 2 of the Orcish Mines
 17321 | Orc:2    | Found Qyuwe's Antique Weapon Boutique.
 17321 | Orc:2    | Found Joecvif's Antique Armour Shoppe.
 17376 | Orc:2    | Found Kehaucuv's Magic Scroll Shop.
 17403 | Orc:2    | Found Odghiz's Gadget Shop.
 17442 | Orc:2    | Bought a scroll of recharging for 123 gold pieces
 17442 | Orc:2    | Bought a scroll of vulnerability for 97 gold pieces
 17442 | Orc:2    | Bought a scroll of enchant weapon for 97 gold pieces
 17442 | Orc:2    | Bought a scroll of enchant weapon for 97 gold pieces
 17442 | Orc:2    | Bought a scroll of identify for 26 gold pieces
 17442 | Orc:2    | Bought a scroll of random uselessness for 13 gold pieces
 17442 | Orc:2    | Bought a scroll of immolation for 45 gold pieces
 17442 | Orc:2    | Bought a scroll of enchant weapon for 97 gold pieces
 17442 | Orc:2    | Bought a scroll of magic mapping for 45 gold pieces
 17442 | Orc:2    | Bought a scroll of teleportation for 39 gold pieces
 17442 | Orc:2    | Bought 2 scrolls of teleportation for 78 gold pieces
 17442 | Orc:2    | Bought a scroll of immolation for 45 gold pieces
 17444 | Orc:2    | Found Veok Anka's Assorted Antiques.
 17461 | Orc:2    | Bought a potion of heal wounds for 120 gold pieces
 17461 | Orc:2    | Bought a potion of curing for 72 gold pieces
 17687 | Orc:2    | Found a staircase to the Elven Halls.
 17759 | Orc:2    | Reached skill level 10 in Fighting
 18222 | Elf:1    | Entered Level 1 of the Elven Halls
 18235 | Elf:1    | Reached skill level 11 in Conjurations
 18235 | Elf:1    | Reached XP level 16. HP: 112/160 MP: 28/28
 18237 | Elf:1    | Noticed Aizul
 18526 | Elf:1    | Noticed Donald
 18788 | Elf:1    | Found Tiqutixa's Food Shoppe.
 19008 | Elf:1    | Noticed Azrael
 19024 | Elf:1    | Killed Azrael
 19150 | Elf:1    | Killed Donald
 19150 | Elf:1    | Reached skill level 12 in Conjurations
 19652 | Elf:2    | Found a runed gate.
 19654 | Elf:2    | Found a runed gate.
 19656 | Elf:2    | Found a runed gate.
 19724 | Elf:2    | Got a pitted falchion
 19740 | Elf:2    | Reached skill level 10 in Spellcasting
 20039 | Elf:2    | Reached skill level 1 in Throwing
 20059 | Elf:2    | Got a brightly glowing bronze amulet
 20112 | Elf:2    | Found Eciperam's Elven Fire.
 20226 | Elf:2    | Reached XP level 17. HP: 168/168 MP: 31/31
 20365 | Elf:2    | Reached skill level 5 in Throwing
 20579 | Elf:2    | Noticed Louise
 20584 | Elf:2    | Killed Louise
 20717 | Elf:2    | Killed Aizul
 20717 | Elf:2    | Reached skill level 1 in Axes
 20961 | Elf:2    | Identified the cursed +3 falchion "Acycuhua" {antimagic, rC+ rN+ MR+ Str+3} (You found it on level 2 of the Elven Halls)
 20969 | Elf:2    | Identified the amulet of Elyvilon's Hope {Spirit rPois MR+ Int+4} (You took it off a deep elf archer on level 2 of the Elven Halls)
 21170 | Lair:2   | Identified the +4 rapier of Vel Xuri {venom, -Tele MR++ Str+4 Int+8} (You took it off a spriggan on level 4 of the Lair of Beasts)
 21171 | Lair:2   | Identified the +7 trident "Ogreslayer" {freeze, rN+ Str-4 Dex+2} (You found it on level 1 of the Lair of Beasts)
 21685 | D:12     | Reached skill level 1 in Polearms
 22556 | D:13     | Found a gate to the Vaults.
 22913 | D:14     | Reached skill level 5 in Polearms
 22928 | D:14     | Noticed Kirke
 22937 | D:14     | Killed Kirke
 22963 | D:14     | Reached XP level 18. HP: 144/179 MP: 16/32
 23525 | D:15     | Entered Level 15 of the Dungeon
 23526 | D:15     | Found Imashrycw's Armour Emporium.
 23634 | D:15     | Found a staircase to the Depths.
 24449 | Swamp:1  | Entered Level 1 of the Swamp
 26289 | Swamp:4  | Entered Level 4 of the Swamp
 26483 | Swamp:4  | Reached XP level 19. HP: 36/193 MP: 16/33
 27129 | Swamp:4  | Got a decaying rune of Zot
 27351 | Swamp:4  | Got a shimmering leather armour
 27362 | Swamp:4  | Identified the +1 leather armour of the Beggar {rPois MR++ Str+5} (You found it on level 4 of the Swamp)
 27561 | Snake:1  | Entered Level 1 of the Snake Pit
 27958 | Snake:1  | Noticed Frances
 27968 | Snake:1  | Killed Frances
 27971 | Snake:1  | Reached skill level 5 in Axes
 28727 | Snake:2  | Noticed Nikola
 28743 | Snake:2  | Killed Nikola
 29130 | Snake:2  | Found a glowing silver altar of Zin.
 29603 | Snake:3  | Found a shadowy altar of Dithmenos.
 29711 | Snake:3  | Got a ring of the Octopus King
 29713 | Snake:3  | Identified a ring of the Octopus King {MP+9 AC+1 EV+1 Str+1 Int+1 Dex+1} (You found it on level 3 of the Snake Pit)
 30408 | Snake:4  | Entered Level 4 of the Snake Pit
 30573 | Snake:4  | Reached XP level 20. HP: 195/204 MP: 25/34
 30683 | Snake:4  | Reached skill level 10 in Axes
 30731 | Snake:4  | Got a serpentine rune of Zot
 31116 | Snake:4  | HP: 8/204 [nagaraja/spear (3)]
 31230 | Snake:4  | Reached skill level 10 in Evocations
 31867 | Elf:3    | Entered Level 3 of the Elven Halls
 32140 | Elf:3    | Found Alui's Jewellery Emporium.
 32260 | Elf:3    | Reached skill level 10 in Armour
 32321 | Elf:3    | Reached XP level 21. HP: 72/212 MP: 10/35
 32423 | Elf:3    | Got a twisted war axe {chop}
 32840 | Elf:3    | Identified the Tome of Transmutation
 32852 | Elf:3    | Identified Tuetok's Grimoire of the Oath and Poisoning
 33112 | Elf:3    | Identified the +5 war axe of Quick Death {chop, +Fly rPois} (You took it off a deep elf death mage on level 3 of the Elven Halls)
 33348 | Lair:2   | Learned a level 6 spell: Bolt of Fire
 33521 | Vaults:1 | Entered Level 1 of the Vaults
 34075 | Vaults:1 | Found a portal to a secret trove of treasure.
 34729 | Vaults:1 | Found Lisesall's Gadget Shop.
 34877 | Vaults:1 | Reached skill level 15 in Axes
 34919 | Vaults:1 | Reached XP level 22. HP: 198/221 MP: 35/36
 35256 | Vaults:2 | Found a staircase to the Crypt.
 35256 | Vaults:2 | Found a basalt altar of Yredelemnul.
 35256 | Vaults:2 | Found an ancient bone altar of Kikubaaqudgha.
 35711 | Vaults:2 | Noticed Frederick
 35719 | Vaults:2 | Killed Frederick
 37002 | Vaults:3 | Found Woosomp's Book Boutique.
 37008 | Vaults:3 | Bought a book of Battle for 680 gold pieces
 37012 | Vaults:3 | Learned a level 3 spell: Regeneration
 37016 | Vaults:3 | Learned a level 3 spell: Spectral Weapon
 37218 | Vaults:3 | Reached skill level 13 in Conjurations
 37218 | Vaults:3 | Reached skill level 10 in Fire Magic
 37264 | Vaults:3 | Found an iron altar of Okawaru.
 37376 | Vaults:3 | Found Vafaegan's Antique Weapon Shop.
 37391 | Vaults:3 | Reached skill level 10 in Shields
 37530 | Vaults:3 | Reached XP level 23. HP: 71/228 MP: 37/37
 38218 | Vaults:3 | Paralysed by a hornet for 1 turns
 38234 | Vaults:3 | Upgraded the game from 0.20-a0-795-ga03948b to 0.20-a0-809-gaf7f668
 38645 | Vaults:4 | Found Ageycsin's Assorted Antiques.
 38652 | Vaults:4 | Bought a scroll of teleportation for 117 gold pieces
 39853 | Depths:1 | Entered Level 1 of the Depths
 40024 | Depths:1 | Reached XP level 24. HP: 213/237 MP: 24/37
 40168 | Depths:1 | Reached skill level 1 in Necromancy
 40230 | Depths:1 | Reached skill level 1 in Charms
 40474 | Depths:1 | Found a gateway to Hell.
 40547 | Depths:1 | Identified the Collected Works on Boosting Translocation
 40556 | Depths:1 | Learned a level 6 spell: Deflect Missiles
 40726 | Depths:2 | Found a large runed door.
 40730 | Depths:2 | Noticed a caustic shrike
 40737 | Depths:2 | Found a large runed door.
 40744 | Depths:2 | Found a large runed door.
 40746 | Depths:2 | Found a large runed door.
 41019 | Depths:2 | Found a large runed door.
 41028 | Depths:2 | Found a large runed door.
 41198 | Depths:2 | Reached skill level 14 in Conjurations
 41213 | Depths:2 | Found a large runed door.
 41255 | Depths:2 | Reached skill level 5 in Charms
 41260 | Depths:2 | Reached skill level 5 in Necromancy
 41287 | Depths:2 | Found a large runed door.
 41432 | Depths:2 | Found a one-way gate to the infinite horrors of the Abyss.
 41627 | Depths:3 | Found a one-way gate leading to the halls of Pandemonium.
 41755 | Depths:3 | Got a bloodstained cloak
 41768 | Depths:3 | Identified the +2 cloak "Mekkolob" {Str+7 Stlth+} (You found it on level 3 of the Depths)
 41770 | Depths:3 | Got an opalescent robe
 41781 | Depths:3 | Identified the cursed +0 robe of Dishonour {Regen+ Int+4 Slay-6} (You found it on level 3 of the Depths)
 41790 | Depths:3 | Got a thick robe
 41796 | Depths:3 | Identified the +2 robe of the Slorg {rPois Str+5} (You found it on level 3 of the Depths)
 41904 | Depths:3 | Noticed the Enchantress
 41910 | Depths:3 | Killed the Enchantress
 41910 | Depths:3 | Reached XP level 25. HP: 202/245 MP: 37/37
 41914 | Depths:3 | Got faerie dragon scales
 41925 | Depths:3 | Identified the +5 faerie dragon scales {MR+ rCorr Int+4} (You took it off the Enchantress on level 3 of the Depths)
 41950 | Depths:3 | Got a bloodstained battleaxe
 41953 | Depths:3 | Identified the +6 battleaxe of Absolution {flame, +Blink} (You found it on level 3 of the Depths)
 42626 | Depths:3 | Noticed Xtahua
 42637 | Depths:3 | Killed Xtahua
 42989 | Depths:3 | Found a bloodstained altar of Trog.
 43699 | Depths:4 | Found Atogge's Jewellery Shop.
 43701 | Depths:4 | Found Juahu's Assorted Antiques.
 44041 | Depths:4 | Noticed a greater mummy
 44048 | Depths:4 | Killed a greater mummy
 44285 | D:13     | Paralysed by a floating eye for 3 turns
 44686 | D:15     | Bought +2 ice dragon scales for 1224 gold pieces
 44834 | Vaults:1 | You paid a toll of +3 storm dragon scales to enter a treasure trove
 44835 | Trove    | Entered a treasure trove
 44841 | Trove    | Got a translucent scarf
 44849 | Trove    | Got a steaming scale mail
 44852 | Trove    | Got a pitted plate armour
 44857 | Trove    | Got a pair of steaming gloves
 44863 | Trove    | Got a pitted plate armour
 44875 | Trove    | Identified the scarf of Vehumet's Benevolence {-Tele +Fly rN+++ Str+9} (You found it in a treasure trove)
 44905 | Trove    | Identified the -4 pair of gloves of Pandemonium {Str+3 Int+3} (You found it in a treasure trove)
 44915 | Trove    | Identified the +8 plate armour of Kel Qyz {+Inv MR+ Stlth+} (You found it in a treasure trove)
 44925 | Trove    | Identified the cursed +1 scale mail of Plasticity {Int+3} (You found it in a treasure trove)
 44936 | Trove    | Identified the +9 plate armour of Shielding {rElec Str+4} (You found it in a treasure trove)
 45142 | Vaults:5 | Entered Level 5 of the Vaults
 45150 | Vaults:5 | Reached XP level 26. HP: 212/254 MP: 37/37
 45423 | Vaults:5 | Got a silver rune of Zot
 45427 | Vaults:5 | Noticed an ancient lich
 45436 | Vaults:5 | Killed an ancient lich
 45456 | Vaults:5 | Noticed an ancient lich
 45467 | Vaults:5 | Killed an ancient lich
 45537 | Vaults:5 | Noticed an ancient lich
 45546 | Vaults:5 | Cast into level 5 of the Abyss (an ancient lich)
 45546 | Abyss:5  | Entered Level 5 of the Abyss
 45611 | Abyss:5  | Reached skill level 15 in Shields
 45781 | Vaults:5 | Escaped the Abyss
 45796 | Vaults:5 | Reached XP level 27. HP: 263/265 MP: 38/38
 45808 | Vaults:5 | Killed an ancient lich
 46107 | Vaults:5 | Reached skill level 15 in Conjurations
 48005 | Crypt:1  | Entered Level 1 of the Crypt
 48810 | Crypt:2  | Found a deep blue altar of Sif Muna.
 48835 | Crypt:2  | Reached skill level 16 in Conjurations
 48848 | Crypt:2  | Got a glittering steel amulet
 48866 | Crypt:2  | Learned a level 5 spell: Aura of Abjuration
 49398 | Crypt:3  | Entered Level 3 of the Crypt
 49454 | Crypt:3  | Found a staircase to the Tomb.
 49509 | Crypt:3  | Reached skill level 15 in Fire Magic
 49659 | Crypt:3  | Found a basalt altar of Yredelemnul.
 49902 | Crypt:3  | Got a slimy cloak
 49935 | Crypt:3  | Got a scorched lapis lazuli ring
 49935 | Crypt:3  | Got a fine bone ring
 49935 | Crypt:3  | Got a heavily runed silver ring
 50411 | Crypt:3  | Identified Cigotuvi's Collected Works on Black Secrets
 50487 | Crypt:3  | Identified the +0 cloak "Desish" {Int+7} (You found it on level 3 of the Crypt)
 50983 | Elf:3    | Bought an uncursed ring of wizardry for 390 gold pieces
 50984 | Elf:3    | Identified the ring "Gusi" {rPois rN+ MR+ Int+2} (You found it on level 3 of the Crypt)
 50986 | Elf:3    | Identified the ring of Otoez {+Fly rElec rF+ rN+ Int+4} (You found it on level 3 of the Crypt)
 50988 | Elf:3    | Identified the ring "Xezaf" {rElec rN+ Stlth+} (You found it on level 3 of the Crypt)
 51164 | Lair:2   | Learned a level 8 spell: Ignition
 51219 | Lair:2   | Identified the amulet "Locut" {RegenMP Int+4} (You took it off a mummy priest on level 2 of the Crypt)
 51529 | Depths:5 | Entered Level 5 of the Depths
 51535 | Depths:5 | Noticed Margery
 51539 | Depths:5 | Reached skill level 17 in Conjurations
 51551 | Depths:5 | Killed Margery
 51646 | Depths:5 | Noticed nubinia's ghost (legendary GrFE)
 51659 | Depths:5 | Noticed a juggernaut
 51675 | Depths:5 | Killed a juggernaut
 51675 | Depths:5 | Reached skill level 10 in Dodging
 51705 | Depths:5 | Killed nubinia's ghost
 51890 | Depths:5 | Found Etway's Jewellery Shoppe.
 51894 | Depths:5 | Bought the amulet "Pacofeim" {rC+ MR+ Regen+} for 744 gold pieces
 52062 | Depths:5 | Found a gateway to a ziggurat.
 52176 | Depths:5 | Found a gate to the Realm of Zot.
 52373 | Zot:1    | Entered Level 1 of the Realm of Zot
 52784 | Zot:1    | Reached skill level 18 in Conjurations
 53472 | Zot:2    | Got a shimmering great mace
 53473 | Zot:2    | Identified the +4 great mace "Nuaduph" {crush, Int+8} (You found it on level 2 of the Realm of Zot)
 54299 | Zot:3    | Reached skill level 15 in Spellcasting
 54554 | Zot:3    | Reached skill level 19 in Conjurations
 56137 | Zot:5    | Entered Level 5 of the Realm of Zot
 56270 | Zot:5    | Reached skill level 20 in Conjurations
 56314 | Zot:5    | Noticed an ancient lich
 56332 | Zot:5    | Killed an ancient lich
 56420 | Zot:5    | Noticed an orb of fire
 56423 | Zot:5    | Lost mutation: You are robust. (+10% HP) [an orb of fire]
 56431 | Zot:5    | Gained mutation: You expend magic power (3 MP) to strengthen your wands. [an orb of fire]
 56446 | Zot:5    | Gained mutation: Your magical capacity is low. (-10% MP) [an orb of fire]
 56460 | Zot:5    | Killed an orb of fire
 56515 | Zot:5    | Noticed an ancient lich
 56528 | Zot:5    | Killed an ancient lich
 56866 | Zot:5    | Reached skill level 21 in Conjurations
 56883 | Zot:5    | Noticed an ancient lich
 56895 | Zot:5    | Killed an ancient lich
 56946 | Zot:5    | Noticed an ancient lich
 56970 | Zot:5    | Killed an ancient lich
 57198 | Zot:5    | Noticed an orb of fire
 57204 | Zot:5    | Gained mutation: You are agile. (Dex +2) [an orb of fire]
 57216 | Zot:5    | Gained mutation: Your mind is very acute. (Int +4) [an orb of fire]
 57222 | Zot:5    | Gained mutation: You are occasionally teleported next to monsters. [an orb of fire]
 57226 | Zot:5    | Killed an orb of fire
 57811 | Lair:2   | Lost mutation: Your body sometimes deteriorates upon taking damage. [potion of mutation]
 57811 | Lair:2   | Lost mutation: Your magical capacity is low. (-10% MP) [potion of mutation]
 57811 | Lair:2   | Lost mutation: You expend magic power (3 MP) to strengthen your wands. [potion of mutation]
 57811 | Lair:2   | Lost mutation: You are occasionally teleported next to monsters. [potion of mutation]
 57811 | Lair:2   | Lost mutation: Your mind is very acute. (Int +4) [potion of mutation]
 57811 | Lair:2   | Lost mutation: You are agile. (Dex +2) [potion of mutation]
 57811 | Lair:2   | Gained mutation: Your magical capacity is low. (-10% MP) [potion of mutation]
 57811 | Lair:2   | Gained mutation: You are resistant to electric shocks. (rElec) [potion of mutation]
 57812 | Lair:2   | Lost mutation: Your mind is acute. (Int +2) [potion of mutation]
 57812 | Lair:2   | Lost mutation: Your flesh is heat resistant. (rF+) [potion of mutation]
 57812 | Lair:2   | Lost mutation: Your magical capacity is low. (-10% MP) [potion of mutation]
 57812 | Lair:2   | Gained mutation: Your spells are a little easier to cast, but a little less powerful. [potion of mutation]
 57812 | Lair:2   | Gained mutation: You are somewhat resistant to further mutation. [potion of mutation]
 57829 | Lair:2   | Learned a level 9 spell: Fire Storm
 57834 | Lair:2   | Lost mutation: Your spells are a little easier to cast, but a little less powerful. [potion of mutation]
 57834 | Lair:2   | Lost mutation: You are somewhat resistant to further mutation. [potion of mutation]
 57834 | Lair:2   | Lost mutation: You are resistant to electric shocks. (rElec) [potion of mutation]
 57834 | Lair:2   | Gained mutation: Your muscles are strong. (Str +2) [potion of mutation]
 57834 | Lair:2   | Gained mutation: Your flesh is cold resistant. (rC+) [potion of mutation]
 58133 | Hell     | Entered the Vestibule of Hell
 58133 | Hell     | Noticed Geryon
 58194 | Hell     | Killed Geryon
 58309 | Hell     | Reached skill level 22 in Conjurations
 58364 | Hell     | Found a gateway to the ashen valley of Gehenna.
 58498 | Hell     | Found a gateway to the freezing wastes of Cocytus.
 58586 | Hell     | Found a gateway to the decaying netherworld of Tartarus.
 58709 | Hell     | Found a gateway to the Iron City of Dis.
 58949 | Depths:2 | Voluntarily entered the Abyss.
 59051 | Abyss:1  | Killed Gastronok
 59272 | Abyss:2  | Found a corrupted altar of Lugonu.
 59753 | Abyss:3  | Got an abyssal rune of Zot
 59903 | Abyss:4  | Reached skill level 10 in Throwing
 59928 | Depths:2 | Escaped the Abyss
 60453 | Slime:1  | Entered Level 1 of the Pits of Slime
 61386 | Slime:3  | Reached skill level 23 in Conjurations
 61894 | Slime:4  | Paralysed by a floating eye for 3 turns
 62100 | Slime:5  | Entered Level 5 of the Pits of Slime
 62424 | Slime:5  | Noticed the Royal Jelly
 62433 | Slime:5  | Killed the Royal Jelly
 62433 | Slime:5  | Reached skill level 15 in Armour
 62534 | Slime:5  | Got a slimy rune of Zot
 62550 | Slime:5  | Got a transparent tin ring
 62820 | Slime:5  | Identified the ring of Existentialism {+Fly rC+ Str+2} (You found it on level 5 of the Pits of Slime)
 63380 | Zig:1    | Entered Level 1 of a ziggurat
 63405 | Zig:2    | Entered Level 2 of a ziggurat
 63427 | Zig:3    | Entered Level 3 of a ziggurat
 63449 | Zig:3    | Identified the Incunabulum of Companions
 63456 | Zig:3    | Learned a level 4 spell: Summon Lightning Spire
 63459 | Zig:3    | Reached skill level 24 in Conjurations
 63461 | Zig:4    | Entered Level 4 of a ziggurat
 63463 | Zig:4    | Noticed Nihanomy the pandemonium lord
 63474 | Zig:4    | Killed Nihanomy the pandemonium lord
 63493 | Zig:5    | Entered Level 5 of a ziggurat
 63544 | Zig:5    | Got a crude demon whip
 63545 | Zig:5    | Identified the +7 demon whip of the Heart {flame, -Tele rPois Dex+3} (You found it on level 5 of a ziggurat)
 63563 | Zig:6    | Entered Level 6 of a ziggurat
 63570 | Zig:6    | Noticed an ancient lich
 63571 | Zig:6    | Noticed an ancient lich
 63573 | Zig:6    | Killed an ancient lich
 63573 | Zig:6    | Killed an ancient lich
 63600 | Zig:7    | Entered Level 7 of a ziggurat
 63653 | Zig:8    | Entered Level 8 of a ziggurat
 63660 | Zig:8    | Reached skill level 15 in Fighting
 63694 | Zig:9    | Entered Level 9 of a ziggurat
 63711 | Zig:9    | Noticed Rezof the pandemonium lord
 63724 | Zig:9    | Killed Rezof the pandemonium lord
 63763 | Zig:10   | Entered Level 10 of a ziggurat
 63770 | Zig:10   | Noticed Soeti's ghost (legendary GrFi)
 63792 | Zig:10   | Killed Soeti's ghost
 63824 | Zig:10   | Got a pair of spiked gloves
 63825 | Zig:10   | Identified Teanuer's Tome of Lethal Transformation
 63829 | Zig:10   | Got a polished broad axe
 63830 | Zig:10   | Identified the +7 broad axe of Ylerudex {speed, rF+ rC+} (You found it on level 10 of a ziggurat)
 63845 | Zig:10   | Identified the cursed +0 pair of gloves of the Land of Plenty {rF+} (You found it on level 10 of a ziggurat)
 63857 | Zig:11   | Entered Level 11 of a ziggurat
 63901 | Zig:12   | Entered Level 12 of a ziggurat
 63949 | Zig:12   | Got a pair of ancient gloves
 63962 | Zig:12   | Got a shimmering platinum ring
 63983 | Zig:12   | Identified the cursed -5 pair of gloves "Baqiras" {rN+ Regen+} (You found it on level 12 of a ziggurat)
 63991 | Zig:12   | Identified the ring of the Madman {*Tele Int+4} (You found it on level 12 of a ziggurat)
 63997 | Zig:13   | Entered Level 13 of a ziggurat
 64054 | Zig:13   | Got a slimy granite ring
 64071 | Zig:13   | Identified the ring of Woshisawk {rElec MR+ Dex+3 Stlth+} (You found it on level 13 of a ziggurat)
 64101 | Zig:14   | Entered Level 14 of a ziggurat
 64188 | Zig:14   | Got a smoking hand crossbow
 64189 | Zig:14   | Identified the +5 hand crossbow of Plague {elec, Fragile rF+ rC+ Int+4 Stlth+} (You found it on level 14 of a ziggurat)
 64197 | Zig:14   | Identified the Catalogue of Execration and Protection
 64214 | Zig:14   | Identified Sif Muna's Handbook of Snow and Transmigration
 64230 | Zig:15   | Entered Level 15 of a ziggurat
 64295 | Zig:15   | Got a glittering glass ring
 64297 | Zig:15   | Got a heavily runed granite ring
 64302 | Zig:15   | Identified the ring of Huill {Ice +Blink Dex+3} (You found it on level 15 of a ziggurat)
 64305 | Zig:15   | Identified the ring "Catiewn" {rCorr Str+4 Int+2 SInv} (You found it on level 15 of a ziggurat)
 64316 | Zig:15   | Got a glittering graven amulet
 64319 | Zig:15   | Identified the amulet of Qazlal's Condemnation {Harm *Drain Dex+3} (You found it on level 15 of a ziggurat)
 64325 | Zig:16   | Entered Level 16 of a ziggurat
 64333 | Zig:16   | Noticed a greater mummy
 64333 | Zig:16   | Noticed a greater mummy
 64337 | Zig:16   | Killed a greater mummy
 64343 | Zig:16   | Killed a greater mummy
 64344 | Zig:16   | Noticed a greater mummy
 64357 | Zig:16   | Killed a greater mummy
 64468 | Zig:17   | Entered Level 17 of a ziggurat
 64569 | Zig:17   | Got a pair of warped gloves
 64580 | Zig:17   | Identified the +2 pair of gloves of Ashenzari's Reproof {*Corrode rPois SInv} (You found it on level 17 of a ziggurat)
 64596 | Zig:17   | Identified the Grimoire of the Enchanting Traveller
 64601 | Zig:17   | Learned a level 1 spell: Apportation
 64605 | Zig:17   | Learned a level 3 spell: Lesser Beckoning
 64615 | Zig:18   | Entered Level 18 of a ziggurat
 64625 | Zig:18   | Noticed an ancient lich
 64628 | Zig:18   | Killed an ancient lich
 64638 | Zig:18   | Reached skill level 15 in Evocations
 64702 | Zig:18   | Identified the Handbook of Creative Venom
 64710 | Zig:18   | Identified the Handbook of Virous Enchantment
 64728 | Zig:18   | Identified Wanub's Grimoire of Feathers
 64744 | Zig:19   | Entered Level 19 of a ziggurat
 64759 | Zig:19   | Reached skill level 5 in Crossbows
 64805 | Zig:19   | Identified Zaixapnusa's Almanac of Curses
 64819 | Zig:19   | Learned a level 7 spell: Spellforged Servitor
 64828 | Zig:19   | Learned a level 7 spell: Orb of Destruction
 64852 | Zig:19   | Identified the Reference Book on Mutagenic Flight
 64874 | Zig:20   | Entered Level 20 of a ziggurat
 64924 | Zig:20   | Paralysed by accursed screaming for 1 turns
 64937 | Zig:20   | HP: 11/260 [spatial maelstrom (3)]
 65015 | Zig:20   | Got a translucent wooden ring
 65027 | Zig:20   | Identified the ring of the Quahog {*Tele MR+ Str+6} (You found it on level 20 of a ziggurat)
 65108 | Zig:21   | Entered Level 21 of a ziggurat
 65117 | Zig:21   | Reached skill level 10 in Necromancy
 65123 | Zig:21   | HP: 2/260 [Hell Sentinel/damnation (41)]
 65132 | Zig:21   | Gained mutation: Your magical capacity is low. (-10% MP) [a cacodemon]
 65147 | Zig:21   | HP: 13/260 [Executioner (4)]
 65148 | Zig:21   | Mangled by a hell beast

Vault maps used:
D:1:      evilmike_arrival_hilbert_curve, serial_corexii_hall,
          corexii_hall_statues_l, corexii_hall_statues_deadend
D:2:      first_bread
D:3:      solitary_fountain, uniq_crazy_yiuf_cottage, uniq_jessica, uniq_natasha
D:4:      uniq_menkaure, uniq_sigmund
D:5:      nicolae_overflow_hidden_temple, nicolae_ossuary_entry_giza,
          serial_glass, glass_columns_a, glass_columns_b, glass_columns_a,
          glass_columns_a, glass_columns_b, trog_hazing_becter, uniq_edmund,
          uniq_duvessa, uniq_prince_ribbit1
D:6:      kennysheep_orc_sif_temple, gammafunk_temple_overflow_claw,
          minmay_temple_entry_purple_smoke, serial_shops, shop, hex_tiny
D:7:      vehumet_crystals, enter_bailey_3, the_bakery,
          nemelex_spade_bored_becter
D:9:      nicolae_ru_path_of_blood, dpeg_oklobed_lair, uniq_grum, uniq_pikel
D:10:     zombieorc2_lemuel
D:11:     uniq_gastronok, uniq_nergalle, uniq_josephine
D:13:     david_vaults_5, lemuel_flame_loot_1
D:14:     infiniplex_staircase_zigzag_3, uniq_kirke
D:15:     gammafunk_enter_depths_forms, serial_shops, nicolae_shop_trees
Temple:   regret_index_temple_sphere_string
Lair:2:   swamp_mist_pool, minmay_snake_entry_six_corridors,
          minmay_another_anthill, serial_bayou_shore_b, uniq_urug, uniq_erica
Lair:3:   regret_index_wax_grids, enter_volcano_2, uniq_rupert
Lair:4:   grunt_forest_large_clearings
Lair:5:   cheibrodos_lair_caveside_slide, minmay_stone_trees_medium,
          lemuel_fruit_fields
Lair:6:   wormcave, hangedman_lair_caniforms_friends, minmay_slime_entry_eyes,
          nicolae_lair_grove_arrangements
Swamp:1:  hangedman_swamp_ruin_hall, infiniplex_staircase_pool
Swamp:2:  evilmike_swamp_ruin_house_6, hangedman_swamp_ravenous
Swamp:3:  evilmike_swamp_ruin_house_1, swamp_pool5
Swamp:4:  swamp_alternative
Snake:1:  uniq_frances
Snake:2:  basic_altar, uniq_nikola
Snake:3:  basic_altar, stair_cage_line, grunt_megastairs_2
Snake:4:  snake_pit
Orc:1:    cheibrodos_orc_bank
Orc:2:    st_orc_open, serial_shops, shop
Elf:1:    serial_shops, nicolae_shop_trees, hangedman_elf_represent, uniq_aizul,
          uniq_donald, uniq_azrael
Elf:2:    guppyfry_elf_lava, uniq_louise
Elf:3:    minmay_elf_hall_dome, serial_shops, nicolae_shop_behind_doors
Vaults:1: ontoclasm_vaults_ring_small, grunt_vaults_hallway_short,
          nicolae_vaults_disjoint_gnomons, v_misc_18,
          nicolae_vaults_c_with_doors, vaults_room_grunt_arrival_ludios,
          nicolae_vaults_network_quincunx, nicolae_vaults_little_squares_1,
          vaults_dpeg_encased_lava, nicolae_vaults_specimen_jars, v_misc_11,
          grunt_vaults_funnel, v_misc_19, vaults_dpeg_cross, enter_trove_6,
          serial_shops, nicolae_shop_behind_doors
Vaults:2: nicolae_vaults_network_s, v_misc_13, nicolae_vaults_disjoint_gnomons,
          minmay_crypt_entry_necro_gods, v_misc_24,
          nicolae_vaults_little_squares_5, nicolae_vaults_theta,
          ontoclasm_vaults_ligature, vaults_room_pool, uniq_frederick
Vaults:3: vaults_room_pools, v_misc_26, v_misc_28,
          nicolae_vaults_an_arrangement, vaults_mumra_hex,
          hangedman_vaults_trim, v_rooms_5, hangedman_vaults_nodes,
          nicolae_vaults_circle_grid_a, vaults_room_door_ring,
          nicolae_vaults_little_ls, ontoclasm_vaults_fault,
          hangedman_vaults_impose, serial_shops, shop, nicolae_shop_stone,
          basic_altar
Vaults:4: v_rooms_1, nicolae_vaults_yaktaur_gun_rack,
          ontoclasm_vaults_misaligned, st_smaller_cells,
          nicolae_vaults_gold_heap, serial_shops, shop_coins
Crypt:2:  hangedman_summoners_spam
Crypt:3:  church_of_pain_bobbens, st_stairs_5, library_closet
Depths:1: grunt_hell_entry_dis_mu, minmay_misc_feat_alley,
          lightli_fourway_metalbox, kennysheep_random_hallway
Depths:2: minmay_five_octagons, abyss_entry_crystal, hangedman_geh_valley,
          hangedman_abyss_or_decor_slice
Depths:3: spriggan_forest, pan_entry, hell_entry, uniq_xtahua
Depths:4: lemuel_minitomb, abyss_entry_small_statue_room,
          grunt_decor_mini_mirrors, hell_entry, minmay_shoptagon
Depths:5: grunt_zot_entry_gee_three, enter_ziggurat_b, grunt_metal_band,
          serial_shops, nicolae_shop_trees, minmay_misc_feat_roman,
          uniq_enchantress, uniq_margery
Zot:1:    grunt_megastairs_3
Zot:3:    hangedman_zot_gyre, basic_stair_grate_trap
Zot:5:    basic_stair_grate_trap
Abyss:2:  due_exit_kobolds, hangedman_abyss_or_decor_stabs
Abyss:3:  due_evilmike_abyss_rune_seething_liches
Abyss:4:  evilmike_abyss_exit_9, hangedman_abyss_or_decor_stabs
Abyss:5:  evilmike_abyss_rune_tso_outpost
Zig:2:    ziggurat_pillar_centre_c
Zig:9:    ziggurat_pillar_centre_smoke
Zig:20:   ziggurat_pillar_centre_more_plants
Trove:    trove_armour_2
Ossuary:  ossuary_tomb_1
Bailey:   bailey_axe_minmay_hex_keep, bailey
Volcano:  volcano_overflow

Skill      XL: |  1  2  3  4  5  6  7  8  9 10 11 12 13 14 15 16 17 18 19 20 21 22 23 24 25 26 27 |
---------------+----------------------------------------------------------------------------------+-----
Conjurations   | 2 3 4 5 6 7 9 11 12 13 14 24 | 24.0
Stealth        | 4 5 6 7 8 9 12 14 | 14.0
Poison Magic   | 1 3 4 6 8 |  8.5
Air Magic      | 1 2 3 4 5 6 9 |  9.9
Summonings     | 3 5 8 |  8.0
Fighting       | 3 4 5 7 8 10 12 13 18 | 18.0
Maces & Flails | 3 4 5 7 8 |  8.0
Invocations    | 7 9 10 | 10.0
Shields        | 4 5 8 10 11 12 13 15 | 15.0
Translocations | 2 3 |  3.8
Dodging        | 4 5 13 | 13.0
Armour         | 4 5 8 9 10 11 13 18 | 18.0
Evocations     | 1 5 7 10 16 | 16.3
Fire Magic     | 5 9 10 13 14 21 | 21.0
Spellcasting   | 6 8 10 11 18 | 18.7
Throwing       | 2 8 10 | 10.1
Axes           | 2 9 12 15 16 17 18 | 18.0
Polearms       | 5 8 |  8.0
Necromancy     | 6 8 10 | 10.3
Charms         | 6 8 |  8.4
Crossbows      | 9 |  9.1

Action                   |  1- 3 |  4- 6 |  7- 9 | 10-12 | 13-15 | 16-18 | 19-21 | 22-24 | 25-27 || total
-------------------------+-------+-------+-------+-------+-------+-------+-------+-------+-------++-------
Melee: Dagger            |     5 |       |       |       |       |       |       |       |       ||     5
       Short sword       |    11 |    39 |     1 |       |       |       |       |       |       ||    51
       Quarterstaff      |       |    12 |   138 |       |       |       |       |       |       ||   150
       Flail             |       |       |   108 |   449 |   731 |   272 |       |       |       ||  1560
       Constrict         |       |       |       |       |   218 |   218 |   194 |   190 |   551 ||  1371
       Trident           |       |       |       |       |       |   761 |    59 |       |       ||   820
       Broad axe         |       |       |       |       |       |     4 |   730 |  1123 |  4165 ||  6022
       Staff             |       |       |       |       |       |       |       |       |     4 ||     4
Throw: Tomahawk          |       |       |       |     4 |       |     2 |    61 |    90 |   210 ||   367
       Javelin           |       |       |       |       |       |       |       |       |    42 ||    42
 Cast: Magic Dart        |    32 |    58 |   184 |   209 |   319 |   214 |    50 |       |       ||  1066
       Call Imp          |       |     4 |    22 |    37 |    11 |       |       |       |       ||    74
       Mephitic Cloud    |       |     2 |    31 |    27 |    14 |       |       |       |       ||    74
       Blink             |       |       |       |     1 |       |    14 |     5 |     2 |     6 ||    28
       Sticky Flame      |       |       |       |       |    48 |    57 |    17 |     1 |       ||   123
       Fireball          |       |       |       |       |    28 |   114 |   112 |    53 |    21 ||   328
       Bolt of Fire      |       |       |       |       |       |       |    10 |    24 |   134 ||   168
       Regeneration      |       |       |       |       |       |       |       |     1 |   118 ||   119
       Deflect Missiles  |       |       |       |       |       |       |       |       |    17 ||    17
       Fire Storm        |       |       |       |       |       |       |       |       |    59 ||    59
       Ignition          |       |       |       |       |       |       |       |       |    10 ||    10
       Aura of Abjuratio |       |       |       |       |       |       |       |       |     5 ||     5
       Summon Lightning  |       |       |       |       |       |       |       |       |     4 ||     4
       Spectral Weapon   |       |       |       |       |       |       |       |       |     3 ||     3
       Spellforged Servi |       |       |       |       |       |       |       |       |     3 ||     3
Invok: Bend Time         |       |       |       |     6 |    11 |     5 |     2 |       |    10 ||    34
       Slouch            |       |       |       |     1 |    16 |    13 |    15 |     4 |    27 ||    76
       Temporal Distorti |       |       |       |       |     1 |     2 |     9 |       |       ||    12
       Step From Time    |       |       |       |       |       |       |     1 |       |       ||     1
 Abil: Spit Poison       |    37 |    29 |    78 |   102 |   157 |    99 |    33 |    42 |    36 ||   613
       Stop Flying       |       |       |       |     1 |       |       |       |       |       ||     1
       Evoke Flight      |       |       |       |       |     1 |       |       |       |     1 ||     2
Evoke: Lightning rod     |       |       |       |       |     2 |       |     2 |       |     8 ||    12
       Wand              |       |       |       |       |       |       |     1 |       |     1 ||     2
       Box of beasts     |       |       |       |       |       |       |     1 |       |       ||     1
  Use: Scroll            |       |       |    15 |     8 |     5 |     8 |    22 |     2 |    36 ||    96
       Potion            |       |       |     6 |     5 |       |     6 |     6 |       |    29 ||    52
 Stab: Sleeping          |     2 |     1 |     3 |     7 |     3 |    20 |    13 |    12 |    28 ||    89
       Confused          |       |       |    10 |     7 |    13 |       |       |       |       ||    30
       Distracted        |       |       |     1 |     3 |     2 |     4 |     3 |     4 |    11 ||    28
       Petrifying        |       |       |     1 |       |       |       |       |       |       ||     1
       Petrified         |       |       |       |       |       |       |       |       |     2 ||     2
  Eat: Chunk             |     3 |     5 |    11 |    18 |    35 |    25 |    17 |    15 |     2 ||   131
       Meat ration       |       |       |     1 |       |       |       |     1 |       |     6 ||     8
       Royal jelly       |       |       |       |     1 |       |     1 |     1 |     3 |    14 ||    20
       Fruit             |       |       |       |     1 |       |     7 |       |     6 |    16 ||    30
       Bread ration      |       |       |       |       |     1 |       |     1 |     1 |     4 ||     7
Armor: Robe              |     5 |     7 |    72 |     2 |       |       |       |       |       ||    86
       Skin              |       |       |    75 |    35 |       |       |       |       |       ||   110
       Ring mail         |       |       |       |    10 |       |       |       |       |       ||    10
       Steam dragon scal |       |       |       |    55 |       |       |       |       |       ||    55
       Troll leather arm |       |       |       |    25 |   257 |       |       |       |       ||   282
       Ice dragon scales |       |       |       |       |    44 |   562 |   502 |   273 |   104 ||  1485
       Plate armour      |       |       |       |       |       |       |       |       |   318 ||   318
       Fire dragon scale |       |       |       |       |       |       |       |       |   818 ||   818
Dodge: Dodged            |     4 |    19 |   101 |   161 |   332 |   394 |   322 |   156 |   991 ||  2480
       Deflected         |       |       |       |       |       |       |       |       |   242 ||   242
Block: Buckler           |       |       |       |   185 |   324 |   393 |   315 |       |       ||  1217
       Reflection        |       |       |       |       |     8 |    21 |       |   137 |   168 ||   334
       Large shield      |       |       |       |       |       |       |    12 |  1291 |  5132 ||  6435
